 Dungeon Crawl Stone Soup version 0.27-a0-773-gaaee5cf45b (webtiles) character file.

Game seed: 1566691203328352901

52 rageheart7 the Twirler (level 3, -12/30 HPs)
             Began as a Draconian Gladiator on Mar 25, 2021.
             Mangled by a gnoll
             ... wielding a +0 halberd
              (14 damage)
             ... on level 2 of the Dungeon.
             The game lasted 00:01:23 (2160 turns).

rageheart7 the Twirler (Draconian Gladiator)        Turns: 2160, Time: 00:01:23

Health: -12/30     AC:  5    Str: 17    XL:     3   Next: 60%
Magic:  3/3        EV: 12    Int:  8    God:
Gold:   132        SH:  0    Dex: 12    Spells: 2/2 levels left

rFire    . . .     SeeInvis .   a - +0 quarterstaff
rCold    . . .     Faith    .   (shield currently unavailable)
rNeg     . . .     Spirit   .   (armour unavailable)
rPois    .         Reflect  .   b - +0 hat
rElec    .         Harm     .   (no cloak)
rCorr    .         Rampage  .   (no gloves)
Will     .....                  (no boots)
Stlth    +.........             d - amulet of magic regeneration
HPRegen  0.10/turn              (no ring)
MPRegen  0.33/turn              (no ring)

@: no status effects
A: AC +5, unfitting armour, cold-blooded
a: no special abilities


You were on level 2 of the Dungeon.
You visited 1 branch of the dungeon, and saw 2 of its levels.

You collected 132 gold pieces.

Inventory:

Hand Weapons
 a - a +0 quarterstaff (weapon)
Missiles
 c - 3 throwing nets (quivered)
Armour
 b - a +0 hat (worn)
Jewellery
 d - an amulet of magic regeneration (around neck)
Scrolls
 e - a scroll of identify
 f - 2 scrolls of teleportation
 g - a scroll of fog
 h - a scroll of fear {unknown}
 i - a scroll of immolation {unknown}
 j - a scroll of noise {unknown}


   Skills:
 * Level 2.8 Fighting
 * Level 4.3 Staves
 - Level 1.7 Throwing
 - Level 2.6 Dodging


You had 2 spell levels left.
You didn't know any spells.
Your spell library contained the following spells:

 Spells                   Type           Power      Damage    Failure   Level
 Animate Skeleton         Necr           0%         N/A       41%         1
 Apportation              Tloc           0%         N/A       41%         1
 Corona                   Hex            0%         N/A       41%         1
 Summon Small Mammal      Summ           0%         N/A       41%         1


Dungeon Overview and Level Annotations

Branches:
Dungeon (2/15)

Altars:


Innate Abilities, Weirdness & Mutations

Your plain brown scales are hard. (AC +5)
You cannot fit into any form of body armour.
You are cold-blooded and may be slowed by cold attacks.


Message History

No target in view!
No target in view!
You now have 132 gold pieces (gained 2).
There is a stone staircase leading up here.
A hobgoblin comes into view.
The hobgoblin shouts!
A hobgoblin is nearby!
The hobgoblin closely misses you.
A hobgoblin is nearby!
You hit the hobgoblin.
The hobgoblin is lightly wounded.
The hobgoblin closely misses you.
You sock the hobgoblin!
You kill the hobgoblin!
As you open the door, it creaks loudly! 2 gnolls come into view.
The gnoll shouts! x2
A gnoll comes into view. It is wielding a +0 halberd.
The gnoll shouts!
There is an open door here.
There are monsters nearby!
The gnoll barely misses you.
There are monsters nearby!
You closely miss the gnoll. The gnoll hits you but does no damage.
The gnoll completely misses you.
There are monsters nearby!
You hit the gnoll but do no damage.
The gnoll hits you from afar with a +0 spear.
The gnoll closely misses you.
You hit the gnoll but do no damage.
The gnoll hits you from afar with a +0 spear.
The gnoll barely misses you.
The gnoll hits you from afar with a +0 halberd!
You are too injured to fight recklessly!
The gnoll barely misses you.
The gnoll hits you from afar with a +0 spear!
* * * LOW HITPOINT WARNING * * *
There is an open door, spattered with blood here.
The gnoll hits you from afar with a +0 halberd!
You die...

##.# ...# #.# #### #.#
...# #.# #+## ...# #.#
#...## ...# #.#### #.....#
#.## #.##.## ##.......
#.#######.#...####gg......
................@'g.......
#.#######.#...####........
#.# #.##.## ##....... #.#
#.#### #.....# #.### #.#
#...## ....# #.# #+##
....# #.# ....# #.# ....#


You could see 3 gnolls.

Vanquished Creatures
  A dart slug (D:1)
  3 bats
  5 endoplasms
  5 giant cockroaches
  4 goblins (D:1)
  4 hobgoblins
  4 jackals (D:1)
  5 kobolds (D:1)
  A quokka (D:2)
  6 ball pythons (D:1)
  4 rats
42 creatures vanquished.

Notes
Turn   | Place    | Note
-------+----------+-------------------------------------------
     0 | D:1      | rageheart7 the Draconian Gladiator began the quest for the
                  | Orb.
     0 | D:1      | Reached XP level 1. HP: 17/17 MP: 1/1
   182 | D:1      | Reached XP level 2. HP: 12/25 MP: 2/2
  1097 | D:1      | Reached skill level 4 in Staves
  1097 | D:1      | Reached XP level 3. HP: 30/30 MP: 3/3
  2160 | D:2      | Mangled by a gnoll

Illustrated notes

Levels and vault maps discovered:
D:1:      onia_arrival_pentagram, layout_loops_cross
D:2:      layout_loops_corners

Skill      XL: |  1  2 |
---------------+-------+-----
Staves         | 4 |  4.3
Fighting       | |  2.8
Throwing       | |  1.7
Dodging        | |  2.6

Action                   || total
-------------------------++-------
Melee: Quarterstaff      ||   100
       Tailslap          ||     7
  Use: Scroll            ||     2
 Stab: Sleeping          ||     1
Armor: Skin              ||    29
Dodge: Dodged            ||    80

Table legend: (Time is in decaauts)
 A = Elapsed time spent in this place.
 B = Non-inter-level travel time spent in this place.
 C = Inter-level travel time spent in this place.
 D = Time resting spent in this place.
 E = Time spent auto-exploring this place.
 F = Levels seen in this place.
 G = Mean time per level.
                   A        B        C        D        E       F      G
               +--------+--------+--------+--------+--------+-----+--------+
         Total |   2172 |   2166 |      6 |    530 |   1391 |   2 | 1086.0 |
       Dungeon |   2172 |   2166 |      6 |    530 |   1391 |   2 | 1086.0 |
               +--------+--------+--------+--------+--------+-----+--------+

Top non-repeatable levels by time:
     D:1: 1554 daAuts
     D:2: 618 daAuts
